 Dungeon Crawl Stone Soup version 0.17-a0-1442-g10bb59b (webtiles) character file.

5770 esc the Thaumaturge (level 10, 0/52 HPs)
             Began as a Deep Elf Fire Elementalist on June 28, 2015.
             Was a Believer of Vehumet.
             Slain by an orc warrior
             ... wielding a +0 trident
              (14 damage)
             ... on level 10 of the Dungeon.
             The game lasted 00:45:03 (12149 turns).

esc the Thaumaturge (Deep Elf Fire Elementalist)   Turns: 12149, Time: 00:45:04

Health: 0/52       AC:  9    Str:  5 (8)  XL:     10   Next: 49%
Magic:  8/27       EV: 13    Int: 30      God:    Vehumet [**....]
Gold:   284        SH:  0    Dex: 15      Spells: 6 memorised, 13 levels left

rFire  + . .     SeeInvis .     a - staff of fire {rF+}
rCold  . . .     Clarity  .     S - +0 leather armour "Lapuommixt" {rN+ MR+ Int+6} (curse)
rNeg   + . .     SustAt   .     (no shield)
rPois  .         Gourm    .     h - +1 helmet
rElec  .         Spirit   .     D - +1 cloak
rCorr  .         Warding  .     n - +1 pair of gloves
rMut   .         Stasis   .     (no boots)
MR     ++...                    x - amulet of rage {+Rage, !d}
Stlth  ++........               r - ring of wizardry {Wiz+, !d}
                                i - +3 ring of strength

@: very resistant to hostile enchantments, unstealthy
A: no striking features
a: Renounce Religion, Evoke Berserk Rage


You were on level 10 of the Dungeon.
You worshipped Vehumet.
Vehumet was pleased with you.
You were not hungry.

You visited 2 branches of the dungeon, and saw 11 of its levels.
You also visited: Ossuary.

You collected 347 gold pieces.
You spent 63 gold pieces at shops.

Inventory:

Hand weapons
 b - the +9 war axe "Nelugeh" {chop, rN+ MR- Str+4}
   (You found it in an ossuary)

   It inflicts extra damage upon your enemies.
   It affects your strength (+4).
   It protects you from negative energy.
   It affects your resistance to hostile enchantments.
 I - a +0 blowgun
   (You took it off a kobold on level 8 of the Dungeon)
 O - a +2 dagger of flaming
   (You took it off an orc wizard on level 9 of the Dungeon)
 R - a +2 flail of protection
   (You took it off a gnoll on level 9 of the Dungeon)
Missiles
 g - 53 poisoned needles
 T - a throwing net {=f, !d}
Armour
 h - a +1 helmet (worn)
   (You found it on level 6 of the Dungeon)
 n - a +1 pair of gloves (worn)
   (You found it on level 2 of the Dungeon)
 z - a +2 robe of positive energy
   (You took it off Blork the orc on level 5 of the Dungeon)
 D - a +1 cloak (worn)
   (You bought it in a shop on level 5 of the Dungeon)
 S - the cursed +0 leather armour "Lapuommixt" (worn) {rN+ MR+ Int+6}
   (You found it on level 9 of the Dungeon)

   It affects your intelligence (+6).
   It protects you from negative energy.
   It affects your resistance to hostile enchantments.
   It has a curse placed upon it.
Magical staves
 a - an uncursed staff of fire (weapon) {rF+}
   (You found it on level 4 of the Dungeon)
Jewellery
 f - an uncursed ring of positive energy {rN+}
   (You found it on level 2 of the Dungeon)
 i - a +3 ring of strength (left hand)
   (You found it on level 1 of the Dungeon)
 r - a ring of wizardry (right hand) {Wiz+, !d}
   (You found it on level 9 of the Dungeon)
 x - an amulet of rage (around neck) {+Rage, !d}
   (You found it on level 7 of the Dungeon)
Magical devices
 d - a wand of slowing (48)
   (You found it on level 3 of the Dungeon)
 s - a wand of enslavement (5)
   (You found it on level 4 of the Dungeon)
 w - a wand of flame (28)
   (You found it on level 4 of the Dungeon)
Scrolls
 e - 6 scrolls of identify
 j - 6 scrolls of remove curse
 m - 2 scrolls of recharging
 q - 2 scrolls of amnesia
 u - a scroll of noise {!r}
 L - 3 scrolls of teleportation
 W - a scroll of enchant weapon {unknown}
Potions
 l - 2 potions of invisibility {unknown}
 p - 2 potions of lignification {unknown}
 B - 3 potions of curing
 C - a potion of berserk rage {unknown}
 E - 2 potions of resistance {unknown}
 F - 3 potions of flight
 G - 2 potions of brilliance
 H - a potion of haste {unknown}
 J - 5 potions of degeneration {!q}
 K - 2 potions of magic {unknown}
 V - 4 potions of poison {!q}
Books
 o - a book of Flames
 M - a Necronomicon
   (You found it on level 8 of the Dungeon)
 U - a book of the Warp
   (You found it on level 10 of the Dungeon)
Comestibles
 c - 6 bread rations {@e1}
 k - a slice of pizza
 t - 5 fruits
 v - 16 chunks of flesh {@w0}
 A - 4 meat rations {@e2}


   Skills:
 - Level 1.6 Fighting
   Level 1.6 Polearms
 - Level 3.7 Dodging
 - Level 2.4 Stealth
 + Level 11.8 Spellcasting
 + Level 9.1 Conjurations
 + Level 10.5 Fire Magic


You had 13 spell levels left.
You knew the following spells:

 Your Spells              Type           Power        Failure   Level  Hunger
a - Flame Tongue          Conj/Fire      #####        1%          1    None
b - Force Lance           Conj/Tloc      #####...     4%          4    None
c - Conjure Flame         Conj/Fire      #######.     1%          3    None
f - Fireball              Conj/Fire      #######...   1%          5    ##.....
s - Sticky Flame          Conj/Fire      #######.     1%          4    None
x - Throw Flame           Conj/Fire      ######       1%          2    None


Dungeon Overview and Level Annotations

Branches:
Dungeon (10/15)            Temple (1/1) D:7             Orc (0/4) D:10
   Lair: D:8-11

Altars:
Dithmenos
Elyvilon
Gozag
Nemelex Xobeh
Qazlal
Ru
Sif Muna
Vehumet
Xom
The Shining One

Shops:
D:5 [

Annotations:
D:2 exclusion: Terence, Terence
D:6 mrath's ghost, experienced TrHu
D:9 Maurice


Message History

Found a club.
Found a staircase to the Orcish Mines.
You see here a tomahawk.
You take 13 damage, and have 36/52 hp.
MASSIVE DAMAGE!!
The orc hits you but does no damage.
The orc warrior hits you from afar with a trident!
The orc barely misses you.
The swamp drake breathes noxious fumes at you.
The noxious blast engulfs you!
You take 12 damage, and have 24/52 hp.
MASSIVE DAMAGE!!
You are engulfed in noxious fumes.
You choke on the stench!
You are confused.
The orc is engulfed in noxious fumes.
The orc appears confused.
The orc warrior hits you from afar with a trident!
* * * LOW HITPOINT WARNING * * *
The orc is engulfed in noxious fumes.
The orc appears confused.
An orc comes into view. It is wielding a club.
Things that are here:
a dagger; a robe; an orc corpse You take 10 damage, and have 14/52 hp.
Drink which item? (? for menu, Esc to quit)
Okay, then.
You're too confused!
Drink which item? (? for menu, Esc to quit)
It was a potion of degeneration.
There was something very wrong with that liquid.
You feel weakened.
You are engulfed in noxious fumes.
You choke on the stench!
You are more confused.
* * * LOW HITPOINT WARNING * * *
The swamp drake bites you!
* * * LOW HITPOINT WARNING * * *
You take 10 damage, and have 4/52 hp.
Drink which item? (? for menu, Esc to quit)
It was a potion of curing.
You feel better. The orc warrior barely misses you.
The orc wonders, "What am I doing in here?"
The swamp drake completely misses you.
You regained 8 hp, and now have 12/52 hp.
Aim: a swamp drake You feel a surge of power!
The sticky flame hits the swamp drake.
The swamp drake is covered in liquid flames!
The swamp drake burns!
The orc warrior hits you but does no damage.
The swamp drake bites you.
* * * LOW HITPOINT WARNING * * *
Some of the chunks of flesh in your inventory have rotted away.
You take 2 damage, and have 10/52 hp.
You now have 12/27 mp.
Drink which item? (? for menu, Esc to quit)
Okay, then.
The swamp drake burns!
The swamp drake burns!
The orc closely misses you.
The swamp drake burns!
The orc warrior throws a tomahawk.
The tomahawk misses you.
The swamp drake burns!
You kill the swamp drake!
Vehumet accepts your kill.
The orc warrior throws a tomahawk.
The tomahawk closely misses you.
The orc covers its eyes.
Aim: an orc warrior, wielding a trident and wearing a plate armour You feel a surge of power!
The fireball explodes!
The fireball engulfs the orc warrior.
The fireball engulfs the orc.
You kill the orc!
Vehumet accepts your kill.
The orc warrior throws a tomahawk.
The tomahawk hits you but does no damage.
You now have 8/27 mp.
The orc warrior throws a tomahawk.
The tomahawk hits you but does no damage.
The orc laughs crazily.
You see here a tomahawk.
The orc seems less confused.
The orc warrior throws a tomahawk.
The tomahawk hits you but does no damage.
The orc wonders, "What am I doing in here?"
The orc hits you but does no damage.
You see here a tomahawk.
The orc seems less confused.
You see here an orc skeleton.
Items here: )) [ ÷ a dagger; a robe; a flail; an orc skeleton You see here an enchanted whip.
Aim: an orc, wielding a club and wearing a leather armour You feel a surge of power!
The flame tongue hits the orc.
You now have 10/27 mp.
Aim: an orc, wielding a club and wearing a leather armour (heavily wounded)
You feel a surge of power!
The flame tongue misses the orc.
Aim: an orc, wielding a club and wearing a leather armour (heavily wounded)
You feel a surge of power!
The flame tongue hits the orc.
You kill the orc!
Vehumet accepts your kill.
You feel your power returning.
Aim: an orc warrior, wielding a trident and wearing a plate armour (moderately wounded)
You feel a surge of power!
The flame tongue hits the orc warrior.
You now have 9/27 mp.
Aim: an orc warrior, wielding a trident and wearing a plate armour (heavily wounded)
You feel a surge of power!
The flame tongue hits the orc warrior.
The orc warrior appears unharmed.
You now have 8/27 mp.
The orc warrior hits you with a trident!
You die...

#.#######.# #.# #.#
#.# #.# #.# #.# #.#
#.# #.# #)# #.# #.#
#.#
################.###.#
(..)..)........#@##..#
).....(.....#..#o##.##
[.....(.....#.)#o##.#
...(((...oo.o..÷.##)#
....##.........####.#
%..............# #.#
...............# #.#
################ #.#
#.# #.# #.#######.#


You could see an orc warrior and an orc.

Vanquished Creatures
  A hill giant (D:10)
  A manticore (D:10)
  Grinder (D:6)
  A deep elf mage (D:10)
  Eustachio (D:6)
  A wyvern (D:10)
  A hippogriff (D:10)
  Duvessa (D:7)
  An orc warrior (D:10)
  A swamp drake (D:10)
  5 ogres
  4 centaurs
  A sky beast (D:5)
  2 phantoms
  2 big kobolds
  Blork the orc (D:5)
  An elf zombie (Ossuary)
  5 giant frogs
  Dowan (D:7)
  A gnoll sergeant (D:9)
  A scorpion (D:7)
  4 killer bees (D:9)
  A quasit (D:9)
  A crimson imp (D:7)
  A human zombie (Ossuary)
  A centaur zombie (Ossuary)
  10 orc priests
  13 orc wizards
  5 hounds
  4 giant frog skeletons
  A centaur skeleton (D:9)
  A gnoll shaman (D:9)
  2 iguanas
  6 worker ants
  A hound zombie (D:7)
  A hound skeleton (D:9)
  3 mummies
  22 gnolls
  A worker ant zombie (D:10)
  11 adders
  An ooze (D:2)
  4 adder zombies (Ossuary)
  2 adder skeletons (D:4)
  A worm (D:5)
  8 giant geckos
  51 orcs
  17 bats
  A bat zombie (D:5)
  5 giant cockroaches
  19 goblins
  22 hobgoblins
  17 jackals
  3 quokkas
  A ball python (D:3)
  2 giant gecko skeletons (D:4)
  7 giant newts
  2 goblin zombies (Ossuary)
  6 hobgoblin zombies (Ossuary)
  2 jackal zombies
  24 kobolds
  8 kobold zombies (Ossuary)
  11 orc zombies (Ossuary)
  13 rats
  A rat zombie (Ossuary)
  A bush (D:6)
  A butterfly (D:7)
353 creatures vanquished.

Vanquished Creatures (others)
  A butterfly (D:7)
1 creature vanquished.

Grand Total: 354 creatures vanquished

Notes
Turn   | Place    | Note
--------------------------------------------------------------
     0 | D:1      | esc the Deep Elf Fire Elementalist began the quest for the Orb.
     0 | D:1      | Reached XP level 1. HP: 10/10 MP: 6/6
   326 | D:1      | Reached skill level 4 in Fire Magic
   326 | D:1      | Reached XP level 2. HP: 12/15 MP: 2/8
   507 | D:1      | HP: 2/15 [hobgoblin/club (6)]
   973 | D:2      | Reached XP level 3. HP: 19/19 MP: 7/9
   984 | D:2      | Noticed Terence
  1638 | D:2      | Reached skill level 5 in Fire Magic
  1659 | D:2      | Learned a level 3 spell: Conjure Flame
  1868 | D:2      | Reached XP level 4. HP: 13/24 MP: 1/11
  2489 | D:2      | Reached skill level 4 in Spellcasting
  2543 | D:2      | Reached XP level 5. HP: 28/28 MP: 1/13
  2645 | D:2      | Found a shimmering altar of Xom.
  2767 | D:2      | Reached skill level 5 in Spellcasting
  2767 | D:2      | Reached skill level 6 in Fire Magic
  2904 | D:2      | HP: 7/28 [poisoned by an orc]
  2911 | D:2      | HP: 3/28 [poisoned by an orc]
  2919 | D:2      | HP: 2/28 [poisoned by an orc]
  3440 | D:3      | Found a sacrificial altar of Ru.
  3443 | D:3      | Found a stormy altar of Qazlal.
  3479 | D:3      | Found a sparkling altar of Nemelex Xobeh.
  3480 | D:3      | Found a glowing golden altar of the Shining One.
  3716 | D:3      | Found a deep blue altar of Sif Muna.
  3918 | D:4      | Reached XP level 6. HP: 25/32 MP: 8/16
  4181 | D:4      | Reached skill level 1 in Polearms
  4185 | D:4      | Reached skill level 1 in Fighting
  4185 | D:4      | Reached skill level 3 in Dodging
  4654 | D:4      | Learned a level 4 spell: Sticky Flame
  4790 | D:4      | Reached XP level 7. HP: 38/38 MP: 7/17
  4999 | D:4      | Reached skill level 2 in Conjurations
  5777 | D:4      | Found a sacrificial altar of Ru.
  5988 | D:5      | Entered Level 5 of the Dungeon
  6045 | D:5      | Reached skill level 6 in Spellcasting
  6070 | D:5      | Noticed Blork the orc
  6109 | D:5      | Killed Blork the orc
  6150 | D:5      | Found Bowobedd's Armour Emporium.
  6157 | D:5      | Bought a +0 cloak for 63 gold pieces
  6264 | D:5      | Reached skill level 3 in Conjurations
  6518 | D:5      | Found a white marble altar of Elyvilon.
  6837 | D:5      | Reached skill level 4 in Conjurations
  6837 | D:5      | Reached skill level 7 in Fire Magic
  6837 | D:5      | Reached XP level 8. HP: 35/43 MP: 4/20
  6937 | D:5      | Reached skill level 7 in Spellcasting
  7285 | D:6      | Noticed Grinder
  7293 | D:6      | Killed Grinder
  7301 | D:6      | Reached skill level 5 in Conjurations
  7437 | D:6      | Noticed Eustachio
  7451 | D:6      | Killed Eustachio
  7451 | D:6      | Reached skill level 8 in Spellcasting
  7451 | D:6      | Reached skill level 8 in Fire Magic
  7603 | D:6      | Noticed mrath's ghost (experienced TrHu)
  7783 | D:7      | Found a sand-covered staircase.
  7799 | Ossuary  | Entered an ossuary
  8038 | Ossuary  | Reached skill level 6 in Conjurations
  8155 | Ossuary  | Reached XP level 9. HP: 46/48 MP: 14/23
  8258 | Ossuary  | Got a bloodstained war axe
  8259 | Ossuary  | Identified the +9 war axe "Nelugeh" {chop, rN+ MR- Str+4} (You found it in an ossuary)
  8433 | D:7      | Noticed Duvessa
  8506 | D:7      | Noticed Dowan
  8509 | D:7      | Killed Duvessa
  8509 | D:7      | Reached skill level 9 in Spellcasting
  8518 | D:7      | Killed Dowan
  8674 | D:7      | Found a staircase to the Ecumenical Temple.
  8686 | Temple   | Entered the Ecumenical Temple
  8713 | Temple   | Became a worshipper of Vehumet
  9472 | D:8      | Reached skill level 9 in Fire Magic
  9816 | D:9      | Reached skill level 7 in Conjurations
  9879 | D:9      | Acquired Vehumet's first power
  9879 | D:9      | Offered knowledge of Sandblast by Vehumet.
 10062 | D:9      | Noticed Maurice
 10067 | D:9      | Reached skill level 10 in Spellcasting
 10480 | D:9      | Got a polished leather armour
 10491 | D:9      | Identified the cursed +0 leather armour "Lapuommixt" {rN+ MR+ Int+6} (You found it on level 9 of the Dungeon)
 10533 | D:9      | Learned a level 2 spell: Throw Flame
 10539 | D:9      | Learned a level 5 spell: Fireball
 11149 | D:9      | Offered knowledge of Shock by Vehumet.
 11352 | D:10     | Entered Level 10 of the Dungeon
 11361 | D:10     | Reached skill level 8 in Conjurations
 11361 | D:10     | Reached XP level 10. HP: 52/52 MP: 21/26
 11383 | D:10     | Noticed a manticore
 11388 | D:10     | Killed a manticore
 11388 | D:10     | Reached skill level 11 in Spellcasting
 11458 | D:10     | Reached skill level 10 in Fire Magic
 11565 | D:10     | Learned a level 4 spell: Force Lance
 11698 | D:10     | Noticed a hill giant
 11708 | D:10     | Killed a hill giant
 12113 | D:10     | Reached skill level 9 in Conjurations
 12116 | D:10     | Offered knowledge of Searing Ray by Vehumet.
 12117 | D:10     | Found a staircase to the Orcish Mines.
 12120 | D:10     | HP: 12/52 [swamp drake] (2)]
 12120 | D:10     | HP: 4/52 [swamp drake (8)]
 12149 | D:10     | Slain by an orc warrior

Vault maps used:
D:1:      lemuel_arrival_river_ford
D:2:      tgw_xom, uniq_terence
D:3:      nicolae_overflow_hidden_temple, first_bread, lemuel_blue_sif_altar
D:4:      corexii_shantytown, serial_forest, infiniplex_forest_clump_double,
          infiniplex_forest_end_3, infiniplex_forest_diagonal,
          infiniplex_forest_lined_corner, infiniplex_forest_end_3,
          infiniplex_forest_clump_long, infiniplex_forest_straight_4,
          infiniplex_forest_straight_4, nicolae_ru_path_of_blood
D:5:      kennysheep_little_box, serial_shops, shop, kennysheep_generic_room_16,
          uniq_blork_the_orc
D:6:      kb_lookout_dungeons_type, uniq_grinder, uniq_eustachio
D:7:      minmay_temple_entry_butterflies, gup_ossuary_entry_pyramid,
          uniq_duvessa
D:8:      cheibriados_altar_wand_db
D:9:      uniq_maurice
D:10:     erik_lair_orcish_takeover, erik_orc_1
Temple:   oiseaux_autumnal_temple_12
Ossuary:  ossuary_tomb_1

Action                   |  1- 3 |  4- 6 |  7- 9 | 10-12 || total
-------------------------+-------+-------+-------+-------++-------
Melee: Unarmed           |     6 |       |       |       ||     6
       Club              |    31 |       |       |       ||    31
       Spear             |       |   121 |   120 |       ||   241
       Staff             |       |       |    54 |     1 ||    55
       War axe           |       |       |    15 |       ||    15
 Cast: Flame Tongue      |    66 |    71 |   174 |    23 ||   334
       Conjure Flame     |     3 |     5 |     5 |     1 ||    14
       Sticky Flame      |       |       |   106 |    21 ||   127
       Throw Flame       |       |       |     5 |    11 ||    16
       Fireball          |       |       |     2 |     2 ||     4
  Use: Potion            |     1 |     3 |     3 |     2 ||     9
       Scroll            |     2 |     4 |     7 |       ||    13
 Stab: Sleeping          |     1 |     9 |     4 |       ||    14
       Paralysed         |       |     2 |     1 |       ||     3
       Confused          |       |       |     2 |       ||     2
  Eat: Beef jerky        |     1 |     1 |     1 |       ||     3
       Chunk             |     1 |     4 |    20 |     2 ||    27
       Bread ration      |       |     1 |       |       ||     1
       Pizza             |       |       |     2 |       ||     2
       Royal jelly       |       |       |     1 |       ||     1

Vault maps used:
D:1:      lemuel_arrival_river_ford
D:2:      tgw_xom, uniq_terence
D:3:      nicolae_overflow_hidden_temple, first_bread, lemuel_blue_sif_altar
D:4:      corexii_shantytown, serial_forest, infiniplex_forest_clump_double,
          infiniplex_forest_end_3, infiniplex_forest_diagonal,
          infiniplex_forest_lined_corner, infiniplex_forest_end_3,
          infiniplex_forest_clump_long, infiniplex_forest_straight_4,
          infiniplex_forest_straight_4, nicolae_ru_path_of_blood
D:5:      kennysheep_little_box, serial_shops, shop, kennysheep_generic_room_16,
          uniq_blork_the_orc
D:6:      kb_lookout_dungeons_type, uniq_grinder, uniq_eustachio
D:7:      minmay_temple_entry_butterflies, gup_ossuary_entry_pyramid,
          uniq_duvessa
D:8:      cheibriados_altar_wand_db
D:9:      uniq_maurice
D:10:     erik_lair_orcish_takeover, erik_orc_1
Temple:   oiseaux_autumnal_temple_12
Ossuary:  ossuary_tomb_1

Table legend:
 A = Turns spent in this place as a percentage of turns spent in the entire game.
 B = Non-inter-level travel turns spent in this place as a percentage of non-inter-level travel turns spent in the entire game.
 C = Inter-level travel turns spent in this place as a percentage of turns spent in this place.
 D = Turns resting spent in this place as a percentage of non-inter-level travel turns spent in this place.
 E = Turns spent auto-exploring this place as a percentage of non-inter-level travel turns spent in this place.
 F = Non-inter-level travel turns spent in this place divided by the number of levels of this place that you've seen.
                   A       B       C       D       E      F
               +-------+-------+-------+-------+-------+----------------------
         Total | 100.0 | 100.0 |   0.4 |   5.3 |   7.7 | 271.2
       Dungeon |  91.9 |  91.9 |   0.4 |   5.3 |   7.7 | 299.0
        Temple |   0.4 |   0.4 |   7.7 |   0.0 |  25.0 |  12.0
       Ossuary |   7.7 |   7.7 |   0.0 |   5.6 |   6.3 | 252.0
               +-------+-------+-------+-------+-------+----------------------

Table legend:
 A = Kills in this place as a percentage of kills in entire the game.
 B = Kills by you in this place as a percentage of kills by you in the entire game.
 C = Kills by friends in this place as a percentage of kills by friends in the entire game.
 D = Other kills in this place as a percentage of other kills in the entire game.
 E = Experience gained in this place as a percentage of experience gained in the entire game.
 F = Experience gained in this place divided by the number of levels of this place that you have seen.
                   A       B       C       D       E      F
               +-------+-------+-------+-------+-------+----------------------
         Total | 100.0 | 100.0 |  -nan |  -nan | 100.0 | 687.0
       Dungeon |  89.2 |  89.2 |  -nan |  -nan |  96.8 | 797.9
       Ossuary |  10.8 |  10.8 |  -nan |  -nan |   3.2 | 265.0
               +-------+-------+-------+-------+-------+----------------------
